 Dungeon Crawl Stone Soup version 0.23-a0-582-g1b4a0ca (webtiles) character file.

43656 Firecrotchwizard the Blocker (level 14, -6/81 HPs)
             Began as a Vine Stalker Berserker on Dec 17, 2018.
             Was the Champion of Trog.
             Killed from afar by a raiju (9 damage)
             ... with a living lightning
             ... on level 3 of the Abyss.
             The game lasted 00:34:27 (17050 turns).

Firecrotchwizard the Blocker (VSBe)                Turns: 17050, Time: 00:34:28

Health: -6/81      AC: 13    Str: 25    XL:     14   Next: 25%
Magic:  0/15       EV:  9    Int:  7    God:    Trog [******]
Gold:   873        SH: 14    Dex: 18    Spells: 13/13 levels left

rFire    . . .     SeeInvis .   q - +3 dagger (elec)
rCold    . . .     Gourm    .   w - +0 shield
rNeg     . . .     Faith    +   z - +0 chain mail
rPois    +         Spirit   +   (no helmet)
rElec    .         Reflect  .   (no cloak)
rCorr    .         Harm     .   I - +2 pair of gloves
MR       +....                  D - +2 pair of boots
Stlth    ..........             l - amulet of faith {Faith, !P}
HPRegen  1.03/turn              y - ring of Wystrinn {Wiz Dex+4}
MPRegen  0.14/turn              S - ring of poison resistance {rPois, !d}

@: about to teleport
A: fangs 3, [blurry vision 3], [deformed body], regeneration 2, magic shield,
antimagic bite, no potion heal 3, rot immunity, [subdued magic 2]
a: Berserk, Trog's Hand, Brothers in Arms, Renounce Religion


You were on level 3 of the Abyss.
You worshipped Trog.
Trog was exalted by your worship.
You were not hungry.

You visited 2 branches of the dungeon, and saw 17 of its levels.
You visited the Abyss 1 time.

You collected 873 gold pieces.

Inventory:

Hand Weapons
 a - a +0 short sword
 i - a +2 dagger of speed
   (You took it off a goblin on level 1 of the Dungeon)
 q - a +3 dagger of electrocution (weapon)
   (Trog gifted it to you on level 1 of the Lair of Beasts)
Armour
 w - a +0 shield (worn)
   (You found it on level 4 of the Dungeon)
 z - a +0 chain mail (worn)
   (You took it off an orc on level 4 of the Dungeon)
 D - a +2 pair of boots (worn)
   (You found it on level 5 of the Dungeon)
 I - a +2 pair of gloves (worn)
   (You found it on level 2 of the Lair of Beasts)
 M - a +0 cloak
   (You found it on level 6 of the Lair of Beasts)
 P - a scarf of resistance
   (You found it on level 11 of the Dungeon)
Jewellery
 g - an uncursed ring of resist corrosion
   (You found it on level 1 of the Lair of Beasts)
 k - an uncursed ring of ice {rC+, rF-}
   (You found it on level 9 of the Dungeon)
 l - an amulet of faith (around neck) {Faith, !P}
   (You found it on level 1 of the Dungeon)
 x - a +2 ring of protection
   (You found it on level 4 of the Dungeon)
 y - the ring of Wystrinn (left hand) {Wiz Dex+4}
   (You found it on level 4 of the Dungeon)

   [ring of wizardry]

   It improves your spell success rate.
   It affects your dexterity (+4).
 G - an uncursed ring of positive energy {rN+}
   (You found it on level 8 of the Dungeon)
 O - an uncursed ring of flight {+Fly, !d}
   (You found it on level 5 of the Lair of Beasts)
 S - a ring of poison resistance (right hand) {rPois, !d}
   (You found it on level 1 of the Lair of Beasts)
Wands
 e - a wand of digging (1)
   (You found it on level 5 of the Lair of Beasts)
 B - a wand of iceblast (18)
   (You found it on level 5 of the Dungeon)
 N - a wand of enslavement (20)
   (You found it on level 10 of the Dungeon)
 R - a wand of scattershot (4)
   (You found it on level 11 of the Dungeon)
 T - a wand of disintegration (18)
   (You found it on level 2 of the Lair of Beasts)
Scrolls
 d - 6 scrolls of magic mapping {!r}
 j - a scroll of fog
 m - 12 scrolls of teleportation
 n - 3 scrolls of remove curse
 o - 4 scrolls of fear
 s - 11 scrolls of identify
 F - 3 scrolls of enchant weapon
 H - 3 scrolls of enchant armour
 J - a scroll of blinking {!r}
Potions
 b - a potion of berserk rage {unknown}
 f - 2 potions of brilliance {unknown}
 h - 4 potions of flight
 p - 2 potions of lignification {unknown}
 r - 3 potions of curing
 t - a potion of agility
 u - 2 potions of heal wounds {unknown}
 v - a potion of degeneration {unknown}
 A - 3 potions of resistance {unknown}
 C - 2 potions of magic {unknown}
 E - 2 potions of haste
 L - a potion of ambrosia {unknown}
 W - a potion of mutation {unknown}
Comestibles
 c - 33 rations
 K - 14 chunks of flesh {@w0}


   Skills:
 + Level 12.6 Fighting
 - Level 10.0 Short Blades
 - Level 7.1 Armour
 - Level 1.5 Dodging
 * Level 13.8 Shields


You had 13 spell levels left.
You didn't know any spells.
Your spell library was empty.

Dungeon Overview and Level Annotations

Branches:
Dungeon (11/15)            Temple (0/1) D:5            Lair (6/6) D:11
  Swamp (0/4) Lair:2       Spider (0/4) Lair:2        Slime (0/5) Lair:6
    Orc (0/2) D:9

Altars:
Dithmenos
Kikubaaqudgha
Qazlal
Ru
Xom

Shops:
D:10 !   D:11 :

Annotations:
D:7 1 runed door, exclusion: ice statue
D:9 1 runed door, popps's ghost, journeyman BaBe
D:10 2 transporters, Tarl's ghost, journeyman MfBe
Lair:3 exclusion: downstairs
Lair:4 exclusion: 2 oklob plants


Innate Abilities, Weirdness & Mutations

You have razor-sharp teeth.
You heal very quickly.
When hurt, damage is shared between your health and your magic reserves.
Your bite disrupts and absorbs the magic of your enemies.
Potions cannot restore your health.
You are immune to rotting.
[Scrolls take you much longer to read.]
[Armour fits poorly on your strangely shaped body.]
[Your spells are easier to cast, but less powerful.]


Message History

Trog accepts your kill.
The wretched star pulses with an eldritch light!
Your body twists and deforms.
The wretched star pulses with an eldritch light!
Your vision blurs. x3
You see here a raiju corpse.
Unknown command.
Really read with blurry vision while enemies are nearby?
You begin reading the scroll.
You continue reading the scroll.
The small abomination hits you but does no damage.
You continue reading the scroll.
The small abomination hits you but does no damage.
As you read the scroll of teleportation, it crumbles to dust.
You feel strangely unstable.
You feel the power of the Abyss delaying your translocation!
You regained 3 hp, and now have 63/81 hp.
You hit the small abomination but do no damage.
You bite the small abomination! You drain its power.
You feel invigorated.
You block the small abomination's attack.
MP restored: 15 The wretched star glows turbulently.
The orb of energy hits the small abomination.
The small abomination is destroyed!
The orb of energy explodes!
The mystic blast hits you!
You hear a bark!
A raiju comes into view.
The raiju barks!
You hear a roar!
The raiju bursts into living lightning!
The living lightning misses you.
The raiju blinks! x2
The wretched star pulses with an eldritch light!
Your connection to magic feels subdued.
Your connection to magic feels more subdued.
You miss the raiju. You bite the raiju, but do no damage.
You completely miss the raiju. You bite the raiju.
The raiju's magic leaks into the air.
You drain its magic. The raiju closely misses you.
The raiju bursts into living lightning!
The living lightning hits the raiju.
The raiju completely resists.
The living lightning hits you!
The raiju blinks!
You take 15 damage, and have 53/81 hp.
You now have 12/15 mp.
You hit the raiju. You bite the raiju!
The raiju's magic leaks into the air.
You drain its magic.
You feel invigorated.
MP restored: 15 You closely miss the raiju.
You bite the raiju.
The raiju's magic leaks into the air.
You drain its magic. The raiju barely misses you.
You hit the raiju. You bite the raiju!
The raiju's magic leaks into the air.
You drain its magic. You closely miss the raiju. Your bite misses the raiju.
You block the raiju's attack.
You hit the raiju. Your bite misses the raiju. You hit the raiju.
Your bite misses the raiju. You block the raiju's attack. The raiju bites you.
The raiju shocks you!
You take 8 damage, and have 48/81 hp.
You now have 12/15 mp.
You hit the raiju. Your bite misses the raiju.
You hit the raiju but do no damage. Your bite misses the raiju.
The raiju closely misses you. You block the raiju's attack.
You hit the raiju. Your bite misses the raiju. You closely miss the raiju.
The raiju bites you. The raiju shocks you!
The raiju bites you but does no damage.
You take 10 damage, and have 40/81 hp.
You now have 11/15 mp.
Your chain mail prevents you from hitting the raiju.
Your bite misses the raiju.
The raiju bursts into living lightning!
The living lightning hits the raiju.
The raiju completely resists.
The living lightning hits you!
The raiju blinks!
You take 10 damage, and have 30/81 hp.
You now have 9/15 mp.
You hit the raiju. You bite the raiju.
The raiju's magic leaks into the air.
You drain its magic.
You feel invigorated.
The raiju falters for a moment.
The raiju barely misses you.
MP restored: 15 You hit the raiju but do no damage.
Your bite misses the raiju.
The raiju bursts into living lightning!
The living lightning hits you!
* * * LOW HITPOINT WARNING * * *
The living lightning hits you!
* * * LOW HITPOINT WARNING * * *
The raiju blinks!
You take 21 damage, and have 9/81 hp.
MASSIVE DAMAGE!!
You now have 4/15 mp.
You hit the raiju.
You kill the raiju!
Trog accepts your kill. The raiju bites you.
* * * LOW HITPOINT WARNING * * *
The raiju shocks you!
* * * LOW HITPOINT WARNING * * *
You take 7 damage, and have 2/81 hp.
You now have 1/15 mp.
You barely miss the wretched star. You bite the wretched star!
The wretched star's magic leaks into the air.
You drain its magic.
You feel invigorated.
You regained 3 mp, and now have 4/15 mp.
You hit the wretched star but do no damage.
You bite the wretched star.
The wretched star's magic leaks into the air.
You drain its magic.
You feel invigorated.
The raiju bursts into living lightning!
The living lightning hits you!
You die...

§.......
.......# ......
... ...#.# .....
..#..... .
....... ...# . .
..... ## *. #..
..#.....#† . .
#.....# #... ###
# #....h*##. . #
# .... #@##.. ##
.......xh.#...#
.#..#...h... ##
#.........§...
..........#....#
...............#
..............#
..............#
# .... .... .


You could see a wretched star, 3 raiju and a small abomination.

Vanquished Creatures
  Rupert (Lair:4)
  A dire elephant (Lair:6)
  Harold (Lair:1)
  Fannar (Lair:2)
  5 hydras
  2 two-headed ogres
  Urug (Lair:2)
  A wretched star (Abyss:3)
  A cyclops (D:11)
  A manticore (D:11)
  9 elephants
  A torpor snail (Lair:6)
  4 black mambas
  A smoke demon (Abyss:3)
  13 spiny frogs
  4 rime drakes
  7 komodo dragons
  A hellwing (Abyss:3)
  A jumping spider (Lair:2)
  2 trolls
  2 polar bears
  2 hornets (Abyss:3)
  2 raiju (Abyss:3)
  A tyrant leech (Lair:2)
  Prince Ribbit (D:7)
  13 blink frogs
  10 hippogriffs
  2 dream sheep (D:8)
  2 large abominations (Abyss:3)
  20 yaks
  4 wyverns
  A vampire mosquito (Abyss:3)
  A basilisk (Lair:6)
  Edmund (D:6)
  2 soldier ants (D:11)
  A swamp worm (Lair:2)
  Menkaure (D:7)
  12 water moccasins
  A hell hound (Lair:6)
  10 porcupines
  A phantom (D:6)
  2 black bears
  2 ice beasts
  2 orc warriors
  3 ogres
  2 sky beasts (D:9)
  A necrophage (D:7)
  5 centaurs
  6 wolves
  13 crocodiles
  4 big kobolds
  16 bullfrogs
  4 scorpions
  4 wights (D:10)
  An electric eel (Lair:5)
  4 howler monkeys
  2 crimson imps
  14 jellies
  10 hounds
  3 centaur zombies
  3 bullfrog skeletons
  An orc priest (D:10)
  3 centaur skeletons
  9 worker ants
  Natasha (thrice) (D:4)
  3 iguanas
  4 orc wizards
  A killer bee zombie (D:5)
  2 hound zombies
  A mummy (D:6)
  A worker ant zombie (D:11)
  3 gnolls (D:5)
  12 adders
  2 shadow imps
  2 oozes
  3 adder zombies
  An adder skeleton (D:2)
  A worm (D:2)
  A dart slug (D:3)
  4 leopard geckos
  30 orcs
  4 bats
  3 bat zombies (D:2)
  9 giant cockroaches
  6 goblins
  13 hobgoblins
  12 jackals
  12 kobolds
  2 quokkas
  A ball python (D:3)
  A ball python zombie (D:2)
  2 frilled lizards
  2 giant cockroach zombies (D:2)
  2 hobgoblin zombies (D:6)
  2 jackal skeletons
  2 kobold zombies (D:6)
  A leopard gecko skeleton (D:2)
  A leopard gecko zombie (D:2)
  3 quokka zombies (D:2)
  4 rats
418 creatures vanquished.

Vanquished Creatures (collateral kills)
  A smoke demon (Abyss:3)
  A hellwing (Abyss:3)
  A fungus (Lair:1)
3 creatures vanquished.

Vanquished Creatures (others)
  A small abomination (Abyss:3)
  A bush (Lair:1)
  10 fungi
  23 plants
35 creatures vanquished.

Grand Total: 456 creatures vanquished

Notes
Turn   | Place    | Note
-------+----------+-------------------------------------------
     0 | D:1      | Firecrotchwizard the Vine Stalker Berserker began the quest
                  | for the Orb.
     0 | D:1      | Reached XP level 1. HP: 11/11 MP: 2/2
    17 | D:1      | HP: 2/11 [kobold/+0 club (1)]
   378 | D:1      | Reached XP level 2. HP: 15/16 MP: 3/3
   394 | D:1      | Reached skill level 3 in Short Blades
  1053 | D:1      | HP: 4/16 [hobgoblin/+0 club (3)]
  1057 | D:1      | Reached skill level 3 in Fighting
  1057 | D:1      | Reached XP level 3. HP: 5/20 MP: 0/4
  1338 | D:2      | Reached ** piety under Trog
  1345 | D:2      | Reached skill level 2 in Armour
  1457 | D:2      | HP: 5/20 [poisoned by an adder]
  1988 | D:2      | Gained mutation: Your natural rate of healing is unusually
                  | fast. [Vine Stalker growth]
  1988 | D:2      | Reached XP level 4. HP: 23/24 MP: 5/5
  2012 | D:2      | HP: 5/24 [hobgoblin (2)]
  2019 | D:2      | HP: 4/24 [poisoned by an adder]
  2024 | D:2      | HP: 6/24 [poisoned by an adder]
  2691 | D:3      | Noticed an ice beast
  2712 | D:3      | Reached *** piety under Trog
  2718 | D:3      | Reached skill level 4 in Short Blades
  2734 | D:3      | Killed an ice beast
  2734 | D:3      | Reached XP level 5. HP: 29/29 MP: 6/6
  3009 | D:3      | Reached XP level 6. HP: 33/33 MP: 7/7
  3482 | D:4      | Noticed Natasha
  3501 | D:4      | Killed Natasha
  3578 | D:4      | Noticed Natasha
  3594 | D:4      | Killed Natasha
  3630 | D:4      | Reached skill level 3 in Armour
  3630 | D:4      | Noticed Natasha
  3638 | D:4      | Reached **** piety under Trog
  3653 | D:4      | Killed Natasha
  3653 | D:4      | Reached skill level 4 in Fighting
  3653 | D:4      | Reached skill level 5 in Short Blades
  3983 | D:4      | Got a faintly glowing pewter ring
  3984 | D:4      | Identified the ring of Wystrinn {Wiz Dex+4} (You found it
                  | on level 4 of the Dungeon)
  4046 | D:5      | Entered Level 5 of the Dungeon
  4084 | D:5      | Found a staircase to the Ecumenical Temple.
  4101 | D:5      | Reached XP level 7. HP: 37/37 MP: 8/8
  4941 | D:6      | Reached skill level 6 in Short Blades
  4957 | D:6      | Found a sacrificial altar of Ru.
  4957 | D:6      | Found an ancient bone altar of Kikubaaqudgha.
  5131 | D:6      | Noticed Edmund
  5211 | D:6      | Killed Edmund
  5211 | D:6      | Gained mutation: You have razor-sharp teeth. [Vine Stalker
                  | growth]
  5211 | D:6      | Reached XP level 8. HP: 27/42 MP: 9/9
  5243 | D:6      | Reached skill level 4 in Armour
  5322 | D:6      | Reached skill level 5 in Fighting
  5406 | D:6      | Reached ***** piety under Trog
  5676 | D:6      | Reached skill level 7 in Short Blades
  6307 | D:7      | Noticed Menkaure
  6314 | D:7      | Killed Menkaure
  6354 | D:7      | Noticed Prince Ribbit
  6369 | D:7      | Killed Prince Ribbit
  6369 | D:7      | Reached XP level 9. HP: 25/48 MP: 5/10
  6501 | D:7      | Noticed an ice statue
  6572 | D:7      | Reached skill level 5 in Armour
  6593 | D:7      | Reached skill level 8 in Short Blades
  6645 | D:7      | Found a runed door.
  6757 | D:7      | Received a gift from Trog
  6826 | D:7      | Reached skill level 6 in Fighting
  7148 | D:8      | Noticed a two-headed ogre
  7159 | D:8      | Killed a two-headed ogre
  7440 | D:8      | Reached skill level 9 in Short Blades
  7506 | D:8      | Found a stormy altar of Qazlal.
  7683 | D:8      | Reached XP level 10. HP: 28/53 MP: 11/11
  7689 | D:8      | Reached skill level 6 in Armour
  7695 | D:8      | Reached skill level 7 in Fighting
  7762 | D:8      | Noticed a three-headed hydra
  7777 | D:8      | Killed a three-headed hydra
  7777 | D:8      | Reached skill level 10 in Short Blades
  8247 | D:9      | Found a staircase to the Orcish Mines.
  8356 | D:9      | Found a shadowy altar of Dithmenos.
  8358 | D:9      | Noticed a two-headed ogre
  8380 | D:9      | Killed a two-headed ogre
  8380 | D:9      | Reached skill level 8 in Fighting
  8380 | D:9      | Reached skill level 7 in Armour
  8513 | D:9      | Found a runed door.
  8513 | D:9      | Found a shimmering altar of Xom.
  8513 | D:9      | Noticed popps's ghost (journeyman BaBe)
  8514 | D:9      | Identified a scroll of acquirement
  8566 | D:9      | Reached skill level 1 in Shields
  8905 | D:9      | Noticed a +0 mace of chaos
  9091 | D:10     | Entered Level 10 of the Dungeon
  9145 | D:10     | Reached skill level 2 in Shields
  9287 | D:10     | Reached skill level 3 in Shields
  9317 | D:10     | Reached XP level 11. HP: 56/60 MP: 10/12
  9392 | D:10     | Reached skill level 4 in Shields
  9472 | D:10     | Found Etud's Distillery.
  9499 | D:10     | Noticed Tarl's ghost (journeyman MfBe)
  9500 | D:10     | Noticed an orc warlord
  9516 | D:10     | Found a transporter.
  9578 | D:10     | Found a transporter.
  9649 | D:10     | Reached skill level 5 in Shields
  9747 | D:10     | Reached skill level 9 in Fighting
 10208 | D:11     | Found a staircase to the Lair.
 10248 | D:11     | Received a gift from Trog
 10318 | D:11     | Found Piesid's Book Boutique.
 10410 | D:11     | Noticed a manticore
 10427 | D:11     | Killed a manticore
 10427 | D:11     | Reached skill level 6 in Shields
 10691 | D:11     | Noticed a cyclops
 10711 | D:11     | Killed a cyclops
 10963 | Lair:1   | Entered Level 1 of the Lair of Beasts
 11045 | Lair:1   | Received a gift from Trog
 11078 | Lair:1   | Reached skill level 7 in Shields
 11377 | Lair:1   | Noticed Harold
 11398 | Lair:1   | Killed Harold
 11782 | Lair:1   | Reached skill level 8 in Shields
 11782 | Lair:1   | Gained mutation: You heal very quickly. [Vine Stalker
                  | growth]
 11782 | Lair:1   | Reached XP level 12. HP: 50/67 MP: 9/13
 11799 | Lair:1   | Reached skill level 10 in Fighting
 12145 | Lair:2   | Found a hole to the Spider Nest.
 12207 | Lair:2   | Reached skill level 9 in Shields
 12396 | Lair:2   | Noticed Urug
 12410 | Lair:2   | Killed Urug
 12411 | Lair:2   | Noticed a four-headed hydra
 12422 | Lair:2   | Killed a four-headed hydra
 12540 | Lair:2   | Noticed Fannar
 12553 | Lair:2   | Killed Fannar
 12553 | Lair:2   | Reached skill level 10 in Shields
 12765 | Lair:2   | Found a staircase to the Swamp.
 12784 | Lair:2   | HP: 17/69 [tyrant leech (10)]
 13224 | Lair:3   | Reached skill level 11 in Fighting
 14072 | Lair:4   | Reached skill level 11 in Shields
 14072 | Lair:4   | Reached XP level 13. HP: 62/74 MP: 14/14
 14370 | Lair:4   | Noticed Rupert
 14380 | Lair:4   | Killed Rupert
 14462 | Lair:4   | Reached ****** piety under Trog
 15161 | Lair:4   | Reached skill level 12 in Shields
 15859 | Lair:6   | Entered Level 6 of the Lair of Beasts
 15970 | Lair:6   | Reached skill level 12 in Fighting
 16285 | Lair:6   | Found a staircase to the Slime Pits.
 16339 | Lair:6   | Reached skill level 13 in Shields
 16366 | Lair:6   | Received a gift from Trog
 16366 | Lair:6   | Noticed a dire elephant
 16380 | Lair:6   | Killed a dire elephant
 16380 | Lair:6   | Reached XP level 14. HP: 60/81 MP: 15/15
 16839 | Lair:6   | Cast into level 3 of the Abyss (a wizard)
 16944 | Abyss:3  | HP: 16/81 [vampire mosquito (6)]
 17047 | Abyss:3  | HP: 20/81 [raiju/living lightning (11)]
 17047 | Abyss:3  | HP: 9/81 [raiju/living lightning (11)]
 17048 | Abyss:3  | HP: 2/81 [raiju (6)]
 17050 | Abyss:3  | Killed from afar by a raiju

Vault maps used:
D:1:      ncdulo_lavacross, roderic_roman_lattice
D:2:      serial_undead, serial_undead_a, serial_undead_d, serial_undead_d,
          serial_undead_f, serial_undead_b, serial_undead_d, serial_undead_c,
          serial_undead_e, serial_undead_f, serial_undead_b
D:3:      fountainhead
D:4:      minmay_misc_feat_secret_circle, uniq_natasha
D:5:      temple_pool_b, first_ration
D:6:      nicolae_overflow_hidden_temple, minmay_mini_ossuary, uniq_edmund
D:7:      lemuel_ice_statue, kennysheep_generic_room_8, uniq_prince_ribbit1,
          uniq_crazy_yiuf_cottage, uniq_menkaure
D:8:      grunt_qazlal_sundering, hangedman_ranch
D:9:      nicolae_dithmenos_shadow_blocks, david_orc_2, ebering_ghost_xom
D:10:     gammafunk_ghost_arena, serial_shops, nicolae_shop_statue_plus
D:11:     erik_lair_island, serial_shops, shop
Lair:1:   serial_bayou, serial_bayou_lagoon_a, serial_bayou_ford_a,
          serial_bayou_lake_a, serial_bayou_shore_a, serial_bayou_pond_c,
          serial_bayou_crossing, uniq_harold
Lair:2:   minmay_swamp_entry_worms, spider_nest_entry_a, uniq_urug, uniq_fannar
Lair:3:   grunt_megastairs_4
Lair:4:   minmay_lair_oklob_chamber, uniq_rupert
Lair:5:   st_stairs_12, infiniplex_staircase_pool, grunt_megastairs_5
Lair:6:   evil_forest, minmay_slime_entry_jelly_boxes

Skill      XL: |  1  2  3  4  5  6  7  8  9 10 11 12 13 |
---------------+----------------------------------------+-----
Short Blades   | 3 4 5 6 7 9 10 | 10.0
Fighting       | 3 4 5 6 8 9 11 12 | 12.6
Armour         | 2 3 4 5 7 |  7.1
Shields        | 3 8 11 13 | 13.8
Dodging        | |  1.5

Action                   |  1- 3 |  4- 6 |  7- 9 | 10-12 | 13-15 || total
-------------------------+-------+-------+-------+-------+-------++-------
Melee: Short sword       |    22 |       |       |       |       ||    22
       Bite              |    48 |    97 |   208 |   462 |   281 ||  1096
       Dagger            |   148 |   291 |   426 |   893 |   502 ||  2260
Throw: Javelin           |       |       |       |    86 |    75 ||   161
Invok: Berserk           |       |     2 |       |     1 |       ||     3
       Trog's Hand       |       |     1 |     1 |     1 |     3 ||     6
       Brothers in Arms  |       |       |     1 |       |     1 ||     2
Evoke: Wand              |       |       |     3 |     3 |     3 ||     9
  Use: Potion            |     2 |       |       |     1 |     1 ||     4
       Scroll            |       |     3 |     8 |    13 |     4 ||    28
 Stab: Sleeping          |     1 |       |       |       |       ||     1
  Eat: Chunk             |     1 |     5 |    11 |    23 |    11 ||    51
       Ration            |     1 |     1 |       |       |       ||     2
Armor: Animal skin       |    19 |    23 |       |       |       ||    42
       Scale mail        |       |    18 |    59 |       |       ||    77
       Chain mail        |       |       |    37 |   206 |   167 ||   410
       Troll leather arm |       |       |       |     2 |       ||     2
Dodge: Dodged            |    68 |    95 |    90 |   142 |   131 ||   526
Block: Shield            |       |       |       |   228 |   263 ||   491

Table legend:
 A = Non-vault XP
 B = Vault XP
 C = Vault XP percentage of total XP
 D = Non-vault monster count
 E = Vault monster count
 F = Vault count percentage of total count
                 A         B        C        D         E       F
            +---------+---------+-------+---------+---------+-------
      Total |   43173 |   19194 |  30.8 |     326 |      95 |  22.6
            +---------+---------+-------+---------+---------+-------
        D:1 |      34 |       0 |   0.0 |      18 |       0 |   0.0
        D:2 |      81 |      32 |  28.3 |      20 |      15 |  42.9
        D:3 |     177 |       0 |   0.0 |      22 |       0 |   0.0
        D:4 |     217 |      35 |  13.9 |      16 |       1 |   5.9
        D:5 |     327 |       0 |   0.0 |      13 |       0 |   0.0
        D:6 |     742 |     188 |  20.2 |      22 |       6 |  21.4
        D:7 |     455 |     497 |  52.2 |       9 |       3 |  25.0
        D:8 |    1433 |    2189 |  60.4 |      10 |       8 |  44.4
        D:9 |    2015 |      24 |   1.2 |      14 |       8 |  36.4
       D:10 |    3623 |       0 |   0.0 |      35 |       0 |   0.0
       D:11 |    2626 |     649 |  19.8 |      26 |       7 |  21.2
     Lair:1 |    3114 |    1050 |  25.2 |      17 |       1 |   5.6
     Lair:2 |    5052 |    2585 |  33.8 |      15 |       5 |  25.0
     Lair:3 |    3407 |     665 |  16.3 |      17 |       2 |  10.5
     Lair:4 |    4697 |    3624 |  43.6 |      21 |       3 |  12.5
     Lair:5 |    1769 |    2148 |  54.8 |       9 |       6 |  40.0
     Lair:6 |   10521 |    4746 |  31.1 |      32 |      26 |  44.8
    Abyss:3 |    2883 |     762 |  20.9 |      10 |       4 |  28.6
            +---------+---------+-------+---------+---------+-------

Vault maps used:
D:1:      ncdulo_lavacross, roderic_roman_lattice
D:2:      serial_undead, serial_undead_a, serial_undead_d, serial_undead_d,
          serial_undead_f, serial_undead_b, serial_undead_d, serial_undead_c,
          serial_undead_e, serial_undead_f, serial_undead_b
D:3:      fountainhead
D:4:      minmay_misc_feat_secret_circle, uniq_natasha
D:5:      temple_pool_b, first_ration
D:6:      nicolae_overflow_hidden_temple, minmay_mini_ossuary, uniq_edmund
D:7:      lemuel_ice_statue, kennysheep_generic_room_8, uniq_prince_ribbit1,
          uniq_crazy_yiuf_cottage, uniq_menkaure
D:8:      grunt_qazlal_sundering, hangedman_ranch
D:9:      nicolae_dithmenos_shadow_blocks, david_orc_2, ebering_ghost_xom
D:10:     gammafunk_ghost_arena, serial_shops, nicolae_shop_statue_plus
D:11:     erik_lair_island, serial_shops, shop
Lair:1:   serial_bayou, serial_bayou_lagoon_a, serial_bayou_ford_a,
          serial_bayou_lake_a, serial_bayou_shore_a, serial_bayou_pond_c,
          serial_bayou_crossing, uniq_harold
Lair:2:   minmay_swamp_entry_worms, spider_nest_entry_a, uniq_urug, uniq_fannar
Lair:3:   grunt_megastairs_4
Lair:4:   minmay_lair_oklob_chamber, uniq_rupert
Lair:5:   st_stairs_12, infiniplex_staircase_pool, grunt_megastairs_5
Lair:6:   evil_forest, minmay_slime_entry_jelly_boxes

Table legend:
 A = Turns spent in this place as a percentage of turns spent in the entire game.
 B = Non-inter-level travel turns spent in this place as a percentage of non-inter-level travel turns spent in the entire game.
 C = Inter-level travel turns spent in this place as a percentage of turns spent in this place.
 D = Turns resting spent in this place as a percentage of non-inter-level travel turns spent in this place.
 E = Turns spent auto-exploring this place as a percentage of non-inter-level travel turns spent in this place.
 F = Non-inter-level travel turns spent in this place divided by the number of levels of this place that you've seen.
                   A       B       C       D       E      F
               +-------+-------+-------+-------+-------+----------------------
         Total | 100.0 | 100.0 |   4.0 |  12.6 |  63.9 | 909.3
       Dungeon |  64.3 |  63.9 |   4.5 |  16.6 |  60.6 | 951.4
          Lair |  34.5 |  34.8 |   3.1 |   5.3 |  72.2 | 948.7
         Abyss |   1.2 |   1.3 |   0.0 |  11.4 |   0.0 | 211.0
               +-------+-------+-------+-------+-------+----------------------

Table legend:
 A = Kills in this place as a percentage of kills in entire the game.
 B = Kills by you in this place as a percentage of kills by you in the entire game.
 C = Kills by friends in this place as a percentage of kills by friends in the entire game.
 D = Other kills in this place as a percentage of other kills in the entire game.
 E = Experience gained in this place as a percentage of experience gained in the entire game.
 F = Experience gained in this place divided by the number of levels of this place that you have seen.
                   A       B       C       D       E      F
               +-------+-------+-------+-------+-------+----------------------
         Total | 100.0 | 100.0 | 100.0 | 100.0 | 100.0 | 3464.8
       Dungeon |  60.1 |  60.5 |   0.0 |   0.0 |  24.6 | 1394.9
          Lair |  36.6 |  36.8 |   0.0 |   0.0 |  69.6 | 7229.7
         Abyss |   3.3 |   2.6 | 100.0 | 100.0 |   5.8 | 3645.0
               +-------+-------+-------+-------+-------+----------------------
